 Dungeon Crawl Stone Soup version 0.31-a0-1265-gaa4636e842 (webtiles) character file.

Game seed: 12158362999112915232

79 night the Shooter (level 4, 0/52 HPs)
             Began as a Formicid Hunter on Dec 16, 2023.
             Was a Believer of Fedhas.
             Slain by Pargi (5 damage)
             ... on level 2 of the Dungeon.
             The game lasted 00:04:14 (1933 turns).

night the Shooter (Formicid Hunter)                 Turns: 1933, Time: 00:04:14

Health: 0/52       AC: 22    Str: 16    XL:     4   Next: 62%
Magic:  4/4        EV:  2    Int:  8    God:    Fedhas [**....]
Gold:   143        SH:  0    Dex: 19    Spells: 3/3 levels left

rFire   . . .        a - +0 shortbow
rCold   . . .        (no shield)
rNeg    . . .        c - melded +0 leather armour
rPois   +            (helmet unavailable)
rElec   .            (cloak currently unavailable)
rCorr   .            d - melded +0 pair of gloves
SInv    .            e - melded +0 pair of boots
Will    .....        (no amulet)
Stlth   ++           (no ring)
HPRegen 0.28/turn    (no ring)
MPRegen 0.09/turn

%: no passive effects
@: brilliant, tree-form
A: stationary, stasis, torment immunity, boosted hp, permanent stasis, dig
shafts and tunnels, (antennae 3), four strong arms
a: Renounce Religion, Wall of Briars


You were on level 2 of the Dungeon.
You worshipped Fedhas.
Fedhas was pleased with you.
You were a tree.
You visited 1 branch of the dungeon, and saw 3 of its levels.

You collected 143 gold pieces.

Inventory:

Hand Weapons
 a - a +0 shortbow (weapon)
Missiles
 g - 17 stones
 l - 6 boomerangs
 n - 5 poisoned darts
Armour
 c - a +0 leather armour (melded)
 d - a +0 pair of gloves (melded)
 e - a +0 pair of boots (melded)
Scrolls
 b - a scroll of butterflies
 f - a scroll of identify
 h - 3 scrolls of immolation
 j - a scroll of poison {unknown}
 k - a scroll of fear
 o - a scroll of fog {unknown}
Potions
 p - a potion of brilliance


   Skills:
 + Level 3.0 Fighting
 * Level 4.8 Ranged Weapons
 + Level 2.4 Dodging
 - Level 1.2 Stealth
 + Level 0.0 Poison Magic
 + Level 1.1 Invocations


You had 3 spell levels left.
You didn't know any spells.
Your spell library contained the following spells:

 Spells                   Type           Power      Damage    Failure   Level
 Sting                    Tmut/Pois      0%         1d3       41%         1
 Summon Small Mammal      Summ           0%         N/A       41%         1
 Poisonous Vapours        Pois/Air       0%         N/A       54%         2
 Call Canine Familiar     Summ           0%         N/A       78%         3
 Summon Guardian Golem    Hex/Summ       0%         N/A       78%         3
 Olgreb's Toxic Radiance  Pois           0%         N/A       99%         4


Dungeon Overview and Level Annotations

Branches:
Dungeon (3/15)

Altars:
Elyvilon
Fedhas

Annotations:
D:2 Pargi


Innate Abilities, Weirdness & Mutations

You are a tree.
Your roots penetrate the ground, keeping you stationary.
You cannot be teleported.
You are immune to unholy pain and torment.
Your maximum health is greatly increased.
Your equipment is partially melded.
You cannot be hasted, slowed, berserked, paralysed or teleported.
You can dig through walls and to a lower floor.
((You have a pair of large antennae on your head. (SInv)))
Your four strong arms can wield two-handed weapons with a shield.


Message History

Your butterfly dies!
Your butterfly disappears in a burst of colours!
You shoot an arrow. You shoot an arrow. The arrow hits Pargi!
Pargi is moderately wounded.
Pargi bites you but does no damage. Pargi claws you but does no damage. x2
You shoot an arrow. The arrow hits Pargi!
Pargi is heavily wounded.
Pargi bites you but does no damage. Pargi claws you but does no damage. x2
You shoot an arrow. The arrow hits Pargi.
Pargi is severely wounded.
Pargi bites you but does no damage. Pargi claws you but does no damage.
Pargi barely misses you. Pargi completely misses you.
Pargi claws you but does no damage. x2
You shoot an arrow. The arrow barely misses Pargi.
Pargi bites you but does no damage. Pargi claws you.
* * * LOW HITPOINT WARNING * * *
Pargi claws you but does no damage.
You shoot an arrow. The arrow hits Pargi.
Pargi is severely wounded.
Pargi bites you but does no damage. Pargi claws you but does no damage. x2
You shoot an arrow. The arrow hits Pargi.
Pargi is almost dead.
Pargi bites you but does no damage. Pargi claws you but does no damage. x2
You shoot an arrow. The arrow closely misses Pargi.
Your butterfly disappears in a burst of colours! x3
Pargi bites you.
* * * LOW HITPOINT WARNING * * *
Pargi claws you.
* * * LOW HITPOINT WARNING * * *
Pargi claws you but does no damage.
You shoot an arrow. The arrow closely misses Pargi.
Pargi bites you but does no damage. Pargi claws you but does no damage. x2
You shoot an arrow. The arrow hits Pargi.
Pargi is severely wounded.
Your butterfly disappears in a burst of colours!
Pargi bites you but does no damage. Pargi claws you but does no damage. x2
Pargi bites you.
You die...
Fedhas appreciates your contribution to the ecosystem.

#.##.#####.##### #.###.#
#.#............# #.....#
#.#..#########.# #####.#
##.#.....######.# #.#
.#.#.###........########.#
................{...{.{..####
#.........#####.#######{....#####
#....###.######.########.##......
####.###.b.♣T...b...b..b.########
#....................b#
#######################


You could see Pargi (ally target).

Vanquished Creatures
  3 adders (D:2)
  A worm (D:3)
  2 dart slugs (D:1)
  7 ball pythons
  5 bats
  2 endoplasms (D:1)
  A giant cockroach (D:2)
  3 goblins
  7 hobgoblins
  A quokka (D:1)
  2 frilled lizards
  5 kobolds
  4 rats (D:1)
43 creatures vanquished.

Notes
Turn   | Place    | Note
-------+----------+-------------------------------------------
     0 | D:1      | night the Formicid Hunter began the quest for the Orb.
     0 | D:1      | Reached XP level 1. HP: 16/16 MP: 1/1
   187 | D:1      | Reached XP level 2. HP: 23/23 MP: 2/2
   215 | D:1      | Reached skill level 2 in Dodging
   390 | D:1      | Reached XP level 3. HP: 28/28 MP: 3/3
   397 | D:1      | Found a faded altar of an unknown god.
   413 | D:1      | Prayed at the altar of an unknown god.
   413 | D:1      | Became a worshipper of Fedhas Madash
   413 | D:1      | Reached * piety under Fedhas
  1232 | D:2      | Reached XP level 4. HP: 34/34 MP: 4/4
  1278 | D:2      | Reached skill level 1 in Invocations
  1613 | D:2      | Found a white marble altar of Elyvilon.
  1621 | D:2      | Reached ** piety under Fedhas
  1881 | D:3      | Noticed Pargi
  1904 | D:2      | HP: 3/35 [Pargi (4)]
  1904 | D:2      | HP: 1/35 [Pargi (2)]
  1931 | D:2      | HP: 5/52 [Pargi (4)]
  1933 | D:2      | Slain by Pargi

Illustrated notes

Levels and vault maps discovered:
D:1:      nicolae_arrival_washed_ashore, layout_basic,
          hellmonk_ecumenical_altar_blasted, st_stairs_14
D:2:      minmay_skewed_foursquare, layout_loops_ring, basic_altar
D:3:      layout_basic, zin_statuary, gammafunk_ghost_split, uniq_grinder,
          uniq_pargi

Skill      XL: |  1  2  3  4 |
---------------+-------------+-----
Dodging        | 2 |  2.4
Invocations    | 1 |  1.1
Fighting       | 3 |  3.0
Ranged Weapons | |  4.8
Stealth        | |  1.2

Action                     |  1- 3 |  4- 6 || total
---------------------------+-------+-------++-------
   Fire: Shortbow          |    93 |    53 ||   146
    Use: Potion            |       |     4 ||     4
         Scroll            |       |     2 ||     2
 Armour: Leather armour    |    22 |    37 ||    59
         Skin              |       |    29 ||    29
  Dodge: Dodged            |    18 |    30 ||    48

Table legend: (Time is in decaauts)
 A = Elapsed time spent in this place.
 B = Non-inter-level travel time spent in this place.
 C = Inter-level travel time spent in this place.
 D = Time resting spent in this place.
 E = Time spent auto-exploring this place.
 F = Levels seen in this place.
 G = Mean time per level.
                   A        B        C        D        E       F      G
               +--------+--------+--------+--------+--------+-----+--------+
         Total |   1962 |   1891 |     71 |     91 |   1480 |   3 |  654.0 |
       Dungeon |   1962 |   1891 |     71 |     91 |   1480 |   3 |  654.0 |
               +--------+--------+--------+--------+--------+-----+--------+

Top non-repeatable levels by time:
     D:2: 1081 daAuts
     D:1: 871 daAuts
     D:3: 9 daAuts
